 Dungeon Crawl Stone Soup version 0.24.0-1-gfbc8707122 (console) character file.

Game seed: 519506853376642495, levelgen mode: deterministic

12949 AlterAsc the Transmogrifier (level 11, 0/95 HPs)
             Began as a Grey Draconian Transmuter on Oct 26, 2019.
             Was an Elder of Makhleb.
             Slain by a seven-headed hydra (4 damage)
             ... on level 1 of the Lair of Beasts.
             The game lasted 01:39:37 (15658 turns).

AlterAsc the Transmogrifier (DrTm)                 Turns: 15658, Time: 01:39:38

Health: 0/95       AC: 15    Str: 14    XL:     11   Next: 69%
Magic:  12/23      EV: 13    Int: 16    God:    Makhleb [****..]
Gold:   654        SH:  2    Dex: 11    Spells: 2/26 levels left

rFire    . . .     SeeInvis .   a - staff of wizardry
rCold    . . .     Gourm    .   (no shield)
rNeg     . . .     Faith    .   (armour unavailable)
rPois    .         Spirit   .   (helmet restricted)
rElec    .         Reflect  +   S - +2 cloak
rCorr    .         Harm     .   (no gloves)
MR       +....                  (no boots)
Stlth    +.........             x - +2 amulet of reflection
HPRegen  0.25/turn              n - ring of protection from magic
MPRegen  0.18/turn              (no ring)

@: very slightly contaminated
A: walk through water, unfitting armour, unbreathing, cold-blooded, AC +12
a: Minor Destruction, Lesser Servant of Makhleb, Major Destruction, Renounce
Religion


You were on level 1 of the Lair of Beasts.
You worshipped Makhleb.
Makhleb was greatly pleased with you.
You were hungry.

You visited 3 branches of the dungeon, and saw 14 of its levels.
You also visited: Ossuary.

You collected 823 gold pieces.
You spent 169 gold pieces at shops.

Inventory:

Hand Weapons
 b - a +3 hand axe of flaming
Missiles
 W - 168 arrows
Armour
 w - a +0 pair of gloves
 E - a +0 cloak
 Q - the +2 ring mail "Qiewkoam" {Str+3, unknown}
   (You found it on level 9 of the Dungeon)

   It affects your strength (+3).
 S - a +2 cloak (worn)
Magical Staves
 a - an uncursed staff of wizardry (weapon)
 Z - an uncursed staff of wizardry
Jewellery
 n - a ring of protection from magic (left hand)
 r - a cursed ring of attention
 x - a +2 amulet of reflection (around neck)
 N - an uncursed amulet of regeneration
 O - an uncursed amulet of faith
 U - an uncursed ring of teleportation
 X - an uncursed ring of protection from magic
Wands
 D - a wand of random effects (43)
 F - a wand of iceblast (5)
 J - a wand of paralysis (5)
Scrolls
 i - 4 scrolls of amnesia
 j - a scroll of fear
 l - 5 scrolls of random uselessness
 p - 4 scrolls of remove curse
 t - 3 scrolls of magic mapping {unknown}
 u - 6 scrolls of identify
 v - 3 scrolls of enchant weapon
 y - 3 scrolls of teleportation
 G - a scroll of silence {unknown}
 H - a scroll of noise
 I - a scroll of blinking
 K - 2 scrolls of immolation {unknown}
 M - 2 scrolls of enchant armour
 R - a scroll of holy word {unknown}
 T - a scroll of fog {unknown}
Potions
 d - 2 potions of heal wounds
 e - a potion of degeneration {unknown}
 f - 7 potions of might
 g - 4 potions of lignification {unknown}
 k - 2 potions of agility {unknown}
 m - 2 potions of cancellation {unknown}
 o - a potion of invisibility {unknown}
 q - a potion of resistance {unknown}
 s - 3 potions of haste {unknown}
 z - 6 potions of curing
 A - a potion of mutation {unknown}
 B - 2 potions of flight {unknown}
 L - a potion of berserk rage {unknown}
 P - 2 potions of brilliance {unknown}
 V - a potion of magic {unknown}
 Y - 2 potions of ambrosia {unknown}
Comestibles
 c - 33 rations
 h - 6 chunks of flesh


   Skills:
 + Level 8.8 Fighting
 - Level 1.3 Axes
 + Level 3.7 Dodging
 + Level 8.6 Unarmed Combat
 + Level 8.4 Spellcasting
 - Level 3.2 Hexes
 - Level 3.4 Charms
 * Level 2.6 Summonings
 - Level 9.0 Transmutations
 - Level 5.0 Invocations


You had 2 spell levels left.
You knew the following spells:

 Your Spells              Type           Power        Failure   Level  Hunger
a - Beastly Appendage     Tmut           #####.       1%          1    None
b - Corona                Hex            ###....      1%          1    None
c - Sticks to Snakes      Tmut           #####...     1%          2    None
d - Spider Form           Tmut/Pois      ###.......   1%          3    #......
e - Blade Hands           Tmut           #####.....   3%          5    #####..
f - Song of Slaying       Chrm           ###.....     1%          2    None
g - Shroud of Golubria    Chrm/Tloc      ##....       3%          2    None
h - Ice Form              Ice/Tmut       ###.....     7%          4    ###....
i - Summon Ice Beast      Ice/Summ       ##......     24%         4    ###....

Your spell library contained the following spells:

 Spells                   Type           Power        Failure   Level  Hunger
 Infusion                 Chrm           ###.         1%          1    None
 Summon Small Mammal      Summ           ###.         1%          1    None
 Passwall                 Tmut/Erth      ###.....     1%          2    None
 Call Imp                 Summ           ###.....     2%          2    None
 Ensorcelled Hibernation  Hex/Ice        ##....       3%          2    None
 Swiftness                Chrm/Air       ##......     3%          2    None
 Sandblast                Erth           #.....       4%          1    None
 Shock                    Conj/Air       #...         4%          1    None
 Confuse                  Hex            ###.....     3%          3    #......
 Spectral Weapon          Hex/Chrm       ###.....     3%          3    #......
 Tukima's Dance           Hex            ###.....     3%          3    #......
 Call Canine Familiar     Summ           ###.....     4%          3    #......
 Summon Guardian Golem    Hex/Summ       ###.....     4%          3    #......
 Regeneration             Chrm/Necr      ##........   6%          3    #......
 Dazzling Spray           Conj/Hex       ##....       7%          3    #......
 Petrify                  Tmut/Erth      ###.....     7%          4    ###....
 Static Discharge         Conj/Air       #.......     13%         3    #......
 Stone Arrow              Conj/Erth      #.....       13%         3    #......
 Summon Lightning Spire   Summ/Air       ##......     24%         4    ###....
 Airstrike                Air            #.........   38%         4    ###....
 Lee's Rapid Deconstruct  Erth           #.........   71%         5    #####..
 Lightning Bolt           Conj/Air       #.........   71%         5    #####..


Dungeon Overview and Level Annotations

Branches:
Dungeon (12/15)            Temple (1/1) D:4            Lair (1/6) D:11
    Orc (0/2) D:12        Ossuary (visited)

Altars:
Ashenzari
Cheibriados
Dithmenos
Elyvilon
Fedhas
Gozag
Hepliaklqana
Makhleb
Nemelex Xobeh
Okawaru
Qazlal
Ru
Sif Muna
Trog
Uskayaw
Vehumet
Wu Jian
Yredelemnul
Zin
The Shining One

Shops:
D:5 !   D:6 (

Annotations:
D:9 exclusion: ice statue


Innate Abilities, Weirdness & Mutations

You can walk through water.
Your dull iron-grey scales are very hard. (AC +12)
You cannot fit into any form of body armour.
You can survive without breathing.
You are cold-blooded and may be slowed by cold attacks.


Message History

The seven-headed hydra bites you!
The seven-headed hydra bites you but does no damage.
The seven-headed hydra bites you. x2
Casting: Summon Ice Beast (slightly dangerous; 24% risk of failure)
Confirm with . or Enter, or press ? or * to list all spells.
A chill wind blows around you. The seven-headed hydra bites you!
The seven-headed hydra closely misses you.
The seven-headed hydra bites you. x2
The seven-headed hydra completely misses you.
The seven-headed hydra bites you! The seven-headed hydra misses you.
You block the seven-headed hydra's attack.
The seven-headed hydra barely misses you.
The seven-headed hydra bites you. The seven-headed hydra bites you!
* * * LOW HITPOINT WARNING * * *
The seven-headed hydra bites you.
* * * LOW HITPOINT WARNING * * *
The seven-headed hydra bites you!
* * * LOW HITPOINT WARNING * * *
The seven-headed hydra bites you.
You die...

#........# #........# #........#
..... #........# ......
#........# ......# #........#
......# ### #........#### ###
......###.####....<...##.####.###
................@Y...............
.................DY..............
.................................
.......................)........>
.................................
.................................
.................................
........>........................
########.##........##.#.#.##.####


You could see a seven-headed hydra and 2 friendly ice beasts.

Vanquished Creatures
  A hydra (D:12)
  2 two-headed ogres (D:11)
  An ugly thing (D:12)
  A manticore (D:12)
  A centaur zombie (D:11)
  2 gargoyles
  A spiny frog (Lair:1)
  2 komodo dragons
  A queen bee (D:8)
  A troll (D:10)
  A meliai zombie (D:12)
  3 hippogriffs
  Sigmund (D:6)
  A wyvern (D:9)
  A vampire (D:7)
  3 yaks
  A wraith (D:12)
  2 vampire mosquitoes (D:12)
  A steam dragon (D:11)
  A water moccasin (Lair:1)
  A porcupine (Lair:1)
  3 ice beasts
  2 black bears
  6 orc warriors
  A sky beast (D:7)
  3 ogres
  A phantom (D:5)
  7 centaurs
  6 bullfrogs
  2 big kobolds
  A gnoll sergeant (D:9)
  8 water moccasin zombies
  A scorpion (D:10)
  18 killer bees
  3 wights
  8 howler monkeys
  5 crimson imps
  A bullfrog zombie (D:6)
  A quasit (D:9)
  5 hounds
  6 orc wizards
  10 orc priests
  2 centaur skeletons
  2 jellies
  2 iguanas
  7 worker ants
  3 big kobold zombies (Ossuary)
  A hound zombie (D:5)
  A hound skeleton (D:5)
  3 mummies
  12 adders
  9 gnolls
  A shadow imp (D:8)
  3 adder zombies (Ossuary)
  2 adder skeletons
  7 worms
  2 dart slugs (D:3)
  7 leopard geckos
  44 orcs
  5 giant cockroaches
  10 goblins
  6 hobgoblins
  10 jackals
  7 bats
  6 frilled lizards
  2 gnoll zombies (Ossuary)
  5 hobgoblin zombies (Ossuary)
  13 kobolds
  2 kobold zombies (Ossuary)
  A leopard gecko zombie (D:9)
  3 orc zombies (Ossuary)
  2 quokka skeletons
  7 rats
314 creatures vanquished.

Vanquished Creatures (collateral kills)
  2 adders (D:2)
  A worm (D:2)
  A frilled lizard (D:2)
4 creatures vanquished.

Vanquished Creatures (others)
  2 plants (D:11)
2 creatures vanquished.

Grand Total: 320 creatures vanquished

Notes
Turn   | Place    | Note
-------+----------+-------------------------------------------
     0 | D:1      | AlterAsc the Draconian Transmuter began the quest for the
                  | Orb.
     0 | D:1      | Reached XP level 1. HP: 16/16 MP: 3/3
   314 | D:1      | Found a shattered altar of Ashenzari.
   337 | D:1      | Reached XP level 2. HP: 23/23 MP: 3/5
  1057 | D:2      | Learned a level 1 spell: Corona
  1296 | D:1      | Learned a level 2 spell: Sticks to Snakes
  1311 | D:2      | Reached XP level 3. HP: 29/29 MP: 4/6
  1441 | D:2      | Found a hide-covered altar of Uskayaw.
  1833 | D:2      | Reached XP level 4. HP: 36/36 MP: 7/7
  2362 | D:2      | Noticed a moth of wrath
  2365 | D:2      | Found a bloodstained altar of Trog.
  3409 | D:3      | Reached skill level 3 in Transmutations
  3516 | D:3      | Learned a level 3 spell: Spider Form
  3794 | D:3      | Reached XP level 5. HP: 41/41 MP: 2/9
  4536 | D:4      | Noticed an ogre
  4548 | D:4      | Killed an ogre
  4548 | D:4      | Reached XP level 6. HP: 26/50 MP: 7/11
  4625 | D:4      | Reached skill level 4 in Transmutations
  4786 | D:4      | Found a sand-covered staircase.
  4805 | Ossuary  | Entered an ossuary
  5155 | Ossuary  | Your scales start taking on a dull iron-grey colour.
  5155 | Ossuary  | Reached XP level 7. HP: 30/57 MP: 11/13
  5155 | Ossuary  | Gained mutation: You can survive without breathing. [Grey
                  | Draconian growth]
  5397 | Ossuary  | Learned a level 5 spell: Blade Hands
  5483 | Ossuary  | Reached skill level 5 in Transmutations
  5674 | D:4      | Found a staircase to the Ecumenical Temple.
  5697 | Temple   | Entered the Ecumenical Temple
  6049 | Temple   | Became a worshipper of Makhleb the Destroyer
  6528 | D:5      | Entered Level 5 of the Dungeon
  6663 | D:5      | Reached skill level 5 in Spellcasting
  6922 | D:5      | Reached XP level 8. HP: 36/66 MP: 13/15
  7483 | D:5      | Found Guaquag's Distillery.
  7504 | D:5      | Bought a potion of heal wounds for 65 gold pieces
  7504 | D:5      | Bought a potion of curing for 39 gold pieces
  7504 | D:5      | Bought a potion of heal wounds for 65 gold pieces
  7541 | D:5      | Reached skill level 5 in Unarmed Combat
  8144 | D:6      | Reached skill level 6 in Transmutations
  8295 | D:6      | Noticed Sigmund
  8303 | D:6      | Killed Sigmund
  8303 | D:6      | Reached skill level 5 in Fighting
  8423 | D:6      | Found Vaschieph's Weapon Boutique.
  9227 | D:6      | Reached * piety under Makhleb
  9288 | D:7      | Reached XP level 9. HP: 69/74 MP: 12/18
  9417 | D:7      | Found a shimmering blue altar of Sif Muna.
  9440 | D:7      | Reached skill level 7 in Transmutations
  9484 | D:7      | HP: 1/75 [orc warrior/boomerang (8)]
  9933 | D:7      | Found a stormy altar of Qazlal.
 10103 | D:7      | Found a glowing golden altar of the Shining One.
 10120 | D:7      | Learned a level 2 spell: Song of Slaying
 10275 | D:7      | Reached ** piety under Makhleb
 10329 | D:8      | Reached skill level 1 in Invocations
 10345 | D:8      | Found a blossoming altar of Fedhas.
 10487 | D:8      | Reached XP level 10. HP: 79/86 MP: 16/20
 10927 | D:8      | Reached skill level 8 in Transmutations
 10945 | D:8      | Reached skill level 1 in Hexes
 11380 | D:9      | Got a fine ring mail
 11410 | D:9      | Reached skill level 1 in Charms
 11445 | D:9      | Found a shimmering blue altar of Sif Muna.
 11495 | D:9      | Reached *** piety under Makhleb
 11677 | D:9      | Learned a level 2 spell: Shroud of Golubria
 12041 | D:9      | Noticed an ice statue
 12290 | D:10     | Entered Level 10 of the Dungeon
 12460 | D:10     | Noticed a gargoyle
 12472 | D:10     | Killed a gargoyle
 13463 | D:11     | Reached XP level 11. HP: 92/94 MP: 16/22
 13474 | D:11     | Reached **** piety under Makhleb
 13486 | D:11     | Noticed a two-headed ogre
 13511 | D:11     | Killed a two-headed ogre
 13712 | D:11     | Noticed a two-headed ogre
 13742 | D:11     | Killed a two-headed ogre
 13777 | D:11     | Found a staircase to the Lair.
 14023 | D:11     | Learned a level 4 spell: Ice Form
 14033 | Lair:1   | Entered Level 1 of the Lair of Beasts
 14128 | Lair:1   | Noticed an eight-headed hydra
 14802 | D:12     | Found an ornate altar of the Wu Jian Council.
 14817 | D:12     | Found a staircase to the Orcish Mines.
 14842 | D:12     | Reached skill level 1 in Axes
 14908 | D:12     | Reached skill level 5 in Invocations
 14943 | D:12     | Reached skill level 9 in Transmutations
 14982 | D:12     | Noticed an eight-headed hydra
 15121 | D:11     | Learned a level 4 spell: Summon Ice Beast
 15137 | D:12     | Killed an eight-headed hydra
 15188 | D:12     | Reached skill level 1 in Summonings
 15268 | D:12     | Noticed a red ugly thing
 15272 | D:12     | Killed a red ugly thing
 15658 | Lair:1   | HP: 4/95 [seven-headed hydra (13)]
 15658 | Lair:1   | Slain by a seven-headed hydra

Levels and vault maps discovered:
D:1:      psy_arrival_radial01, layout_loops_ring, nicolae_ashenzari_panopticon
D:2:      layout_basic, old_standard_altar, tgw_trog,
          hangedman_decor_peaks_small, grunt_ministairs_3,
          minmay_fractal_squares_gapless_5
D:3:      layout_basic, first_ration
D:4:      layout_cave_pods, temple_statues, gup_ossuary_entry_pyramid
D:5:      layout_basic, serial_shops, shop, kennysheep_generic_room_15
D:6:      layout_loops_ring, serial_shops, shop_statue, uniq_sigmund
D:7:      layout_cave_pools, nicolae_overflow_hidden_temple
D:8:      layout_cave_pools, fedhas_bush_and_centaur_altar, david_nohive_1
D:9:      lemuel_ice_statue, layout_loops_ring, basic_altar
D:10:     cheibrodos_iron_armory, layout_layer_cave
D:11:     layout_cross, david_lair_shrubbed
D:12:     layout_rooms, orc_0_dummy, basic_altar
Temple:   minmay_temple_curvy_branch
Lair:1:   layout_big_grid, grunt_forest_stairs_basic

Skill      XL: |  1  2  3  4  5  6  7  8  9 10 11 |
---------------+----------------------------------+-----
Dodging        | 2 3 |  3.7
Fighting       | 2 3 4 5 7 8 |  8.8
Transmutations | 3 4 5 6 7 8 9 |  9.0
Spellcasting   | 3 4 5 6 7 8 |  8.4
Unarmed Combat | 4 5 7 8 |  8.6
Invocations    | 2 4 5 |  5.0
Hexes          | 2 3 |  3.2
Charms         | 2 3 |  3.4
Axes           | 1 |  1.3
Summonings     | 2 |  2.6

Action                   |  1- 3 |  4- 6 |  7- 9 | 10-12 || total
-------------------------+-------+-------+-------+-------++-------
Melee: Unarmed           |   127 |   262 |   494 |   300 ||  1183
       Tailslap          |    19 |    26 |    57 |    30 ||   132
       Headbutt          |     3 |    10 |     5 |     1 ||    19
       Punch             |     2 |       |    14 |     6 ||    22
       Kick              |     1 |    11 |    25 |       ||    37
       Staff             |       |       |       |    11 ||    11
       Hand axe          |       |       |       |     9 ||     9
 Cast: Beastly Appendage |    11 |    23 |    19 |     3 ||    56
       Sticks to Snakes  |     4 |     5 |     1 |    22 ||    32
       Corona            |     1 |       |       |       ||     1
       Spider Form       |       |    15 |       |       ||    15
       Blade Hands       |       |       |    31 |    45 ||    76
       Song of Slaying   |       |       |     4 |    14 ||    18
       Shroud of Golubri |       |       |       |    25 ||    25
       Summon Ice Beast  |       |       |       |     6 ||     6
       Ice Form          |       |       |       |     1 ||     1
 Abil: End Transformatio |       |     3 |       |     1 ||     4
  Use: Scroll            |       |     6 |       |    12 ||    18
       Potion            |       |       |     1 |     4 ||     5
 Stab: Distracted        |     1 |       |       |       ||     1
       Sleeping          |       |       |     1 |       ||     1
  Eat: Chunk             |     3 |     9 |    17 |    14 ||    43
       Ration            |       |     2 |     3 |     5 ||    10
Armor: Skin              |    28 |    54 |   191 |   166 ||   439
Dodge: Dodged            |    61 |   140 |   260 |   272 ||   733
Block: Other             |       |     3 |    26 |    39 ||    68
       Reflection        |       |       |     3 |     4 ||     7
